Map: Heavy Artillery LE

Players

Alwar

  • Race: Protoss Protoss
  • League: Diamond
  • Spawn Location: 1:00

HaryPL

  • Race: Terran Terran
  • Spawn Location: 3:00

Massa

  • Race: Terran Terran
  • League: Platinum
  • Spawn Location: 7:00

qqq

  • Race: Zerg Zerg
  • Spawn Location: 7:00

VOD

Have the link to the VOD?

Description

Time

  • Played on: Oct. 11, 2020, 4:04 p.m.
  • Length: 24:27
Show
View Real Time Build Order
Export as new Build Order

Alwar Protoss 

Build Orders: Chargelot Immortal 

Get SALT Encoding   

  12  0:00  Probe  
  13  0:12  Probe  
  14  0:20  Pylon  
  14  0:24  Probe  
  15  0:38  Probe (Chrono Boost)  
  15  0:40  Gateway  
  16  0:49  Probe (Chrono Boost)  
  17  0:58  Gateway  
  17  0:59  Probe  
  18  1:11  Probe  
  19  1:15  Assimilator  
  19  1:17  Assimilator  
  19  1:23  Probe  
  20  1:28  Cybernetics Core  
  20  1:35  Probe  
  21  1:57  Nexus  
  21  2:05  Stalker  
  23  2:14  Pylon  
  23  2:21  Pylon  
  23  2:24  Warp Gate (Chrono Boost)  
  23  2:32  Probe (Chrono Boost)  
  23  2:36  Sentry  
  27  2:44  Probe (Chrono Boost), Gateway  
  27  2:50  Probe (Chrono Boost)  
  28  2:58  Robotics Facility  
  28  3:01  Probe  
  29  3:13  Probe (Chrono Boost)  
  29  3:18  Probe (Chrono Boost)  
  31  3:24  Probe (Chrono Boost), Assimilator  
  31  3:26  Probe (Chrono Boost)  
  33  3:29  Probe (Chrono Boost)  
  33  3:31  Probe (Chrono Boost)  
  33  3:32  Pylon  
  35  3:42  Twilight Council  
  35  3:59  Probe x2  
  37  4:04  Observer  
  38  4:11  Probe x2  
  40  4:23  Probe x2  
  42  4:36  Immortal (Chrono Boost), Stalker x3  
  48  4:40  Blink (Chrono Boost)  
  52  4:46  Probe  
  52  4:47  Probe  
  52  4:50  Assimilator  
  52  4:52  Pylon  
  54  4:58  Probe  
  54  4:59  Probe, Forge  
  56  5:02  Pylon  
  56  5:05  Pylon  
  56  5:11  Probe x2  
  53  5:28  Probe (Chrono Boost)  
  54  5:34  Photon Cannon  
  54  5:38  Probe (Chrono Boost)  
  54  5:39  Photon Cannon  
  55  5:43  Probe (Chrono Boost)  
  56  5:50  Nexus  
  56  5:54  Photon Cannon  
  57  5:57  Probe (Chrono Boost)  
  57  6:00  Probe (Chrono Boost)  
  58  6:10  Probe (Chrono Boost)  
  60  6:11  Probe (Chrono Boost)  
  60  6:13  Photon Cannon  
  60  6:15  Probe (Chrono Boost)  
  60  6:16  Observer  
  62  6:22  Templar Archives  
  62  6:27  Probe x2 (Chrono Boost), Gateway  
  62  6:30  Pylon  
  64  6:39  Probe (Chrono Boost)  
  66  6:40  Probe (Chrono Boost)  
  67  6:47  Probe x2 (Chrono Boost), Assimilator  
  67  6:52  Assimilator  
  67  6:53  Probe x2  
  68  6:57  Sentry x3  
  76  7:08  Immortal (Chrono Boost)  
  78  7:32  Charge (Chrono Boost)  
  78  7:41  Stalker x2  
  78  7:43  Immortal  
  86  7:50  Gateway  
  86  7:51  Gateway  
  86  7:53  Pylon  
  86  7:55  Pylon  
  74  8:23  Stalker x2  
  77  8:39  Immortal  
  81  8:46  Probe (Chrono Boost)  
  84  8:50  Probe (Chrono Boost)  
  84  8:51  Probe (Chrono Boost)  
  84  8:53  Pylon  
  85  8:56  Pylon  
  85  8:57  Probe (Chrono Boost)  
  85  8:58  Pylon  
  85  9:00  Probe x2 (Chrono Boost), Zealot x3  
  85  9:01  Probe (Chrono Boost), Zealot  
  95  9:09  Gateway  
  96  9:10  Probe x2  
  96  9:14  Gateway  
  98  9:18  Psionic Storm  
  98  9:22  Probe x2  
  98  9:23  Zealot x4  
  108  9:24  Immortal (Chrono Boost)  
  112  9:45  Robotics Facility  
  112  9:46  Robotics Bay  
  112  9:49  Photon Cannon  
  112  9:52  Sentry x4  
  120  10:07  Zealot  
  122  10:23  Zealot x2  
  122  10:24  Zealot x3  
  132  10:50  Zealot x3  
  132  10:51  Zealot  
  100  11:15  Zealot x4, Extended Thermal Lance (Chrono Boost)  
  100  11:16  Zealot x2  
  100  11:18  Colossus x2 (Chrono Boost)  
  106  11:35  Robotics Facility  
  106  11:36  Robotics Facility  
  106  11:39  Gateway  
  106  11:41  Gateway  
  106  11:44  Pylon  
  106  11:45  Pylon  
  106  11:47  High Templar x4  
  106  11:48  High Templar  
  106  11:49  Pylon  
  116  12:06  Colossus x2 (Chrono Boost), Nexus  
  116  12:07  Zealot  
  130  12:20  Zealot x3  
  130  12:21  Zealot x2  
  134  12:33  Zealot  
  132  12:47  Stalker x5  
  132  12:48  Stalker x2  
  146  12:52  Observer x2  
  146  12:54  Colossus  
  146  12:55  Colossus  
  131  13:22  Zealot x7  
  131  13:23  Zealot  
  145  13:33  Immortal x2  
  153  13:40  Probe x3  
  156  13:46  Pylon  
  156  13:49  Immortal x2  
  156  13:52  Probe x3  
  163  13:59  Stalker x3  
  163  14:00  Stalker x5  
  179  14:04  Probe  
  180  14:27  Stalker x4  
  188  14:38  Observer x3  
  165  15:07  Archon x2  
  157  15:28  Zealot x2  
  157  15:29  Zealot x2  
  157  15:34  Immortal x4  
  177  16:01  Stalker x2  
  177  16:02  Stalker x3  
  186  16:46  Pylon  
  186  16:47  Pylon x2  
  186  16:49  Pylon  
  176  17:15  Stalker x3  
  178  17:16  Stalker x5  
  192  17:27  Pylon  
  192  17:29  Pylon  
  185  17:43  Stalker x5  
  185  17:44  Stalker x3  
  196  17:54  Photon Cannon  
  196  17:58  Photon Cannon x2  
  196  18:00  Photon Cannon x2  
  196  18:04  Photon Cannon  
  196  18:05  Photon Cannon x2  
  196  18:06  Pylon  
  196  18:10  Photon Cannon  
  196  18:16  Assimilator  
  196  18:20  Assimilator  
  190  18:37  Stalker  
  190  18:38  Stalker x4  
  200  19:27  Nexus  
  136  20:34  Zealot  
  136  20:35  Zealot x6  
  144  20:36  Zealot  
  144  20:40  Immortal x4  
  166  21:20  Zealot x3  
  166  21:21  Zealot x2  
  172  21:44  Zealot x3  
  172  21:45  Zealot x5  
  168  21:54  Probe x3  
  168  21:55  Probe  
  172  22:06  Probe x2  
  172  22:07  Probe x2  
  176  22:18  Probe x2  
  176  22:19  Probe  
  177  22:35  Pylon  
  177  22:36  Pylon  
  166  22:51  Zealot x3  
  166  22:52  Zealot x4  
  166  22:53  Zealot  
Show
View Real Time Build Order
Export as new Build Order

HaryPL Terran 

Build Orders:  

Get SALT Encoding   

  12  0:00  SCV  
  13  0:12  SCV  
  14  0:24  SCV  
  15  0:29  Supply Depot  
  15  0:50  SCV  
  15  0:51  Barracks  
  16  0:57  Refinery  
  16  0:59  Refinery  
  16  1:02  SCV  
  17  1:14  SCV  
  17  1:18  Supply Depot  
  18  1:27  SCV  
  19  1:39  SCV  
  20  1:47  Marine  
  20  1:51  SCV  
  21  2:03  SCV  
  21  2:05  Marine  
  21  2:06  Factory  
  23  2:15  SCV  
  24  2:23  Marine  
  24  2:27  SCV  
  26  2:36  Command Center  
  26  2:39  SCV  
  27  2:47  Supply Depot  
  27  2:50  Factory Tech Lab  
  27  2:59  Marine  
  27  3:03  Orbital Command  
  28  3:14  Siege Tank  
  28  3:17  Marine  
  32  3:28  Engineering Bay  
  32  3:30  SCV  
  33  3:42  SCV  
  33  3:43  Marine  
  35  3:49  Siege Tank  
  38  3:57  Missile Turret  
  38  4:00  SCV  
  38  4:01  Marine  
  40  4:12  SCV, Barracks  
  40  4:13  SCV  
  42  4:20  Marine  
  43  4:24  SCV  
  43  4:25  Siege Tank  
  47  4:55  Barracks Tech Lab  
  47  4:59  Supply Depot  
  47  5:02  Barracks Reactor  
  47  5:05  Barracks  
  47  5:07  Terran Infantry Weapons Level 1  
  47  5:08  SCV  
  48  5:21  SCV  
  49  5:25  Siege Tank  
  52  5:30  Marauder  
  52  5:31  Combat Shield  
  54  5:46  SCV  
  54  5:47  SCV  
  54  5:49  Marine x2  
  58  5:54  Supply Depot  
  58  5:58  SCV, Supply Depot  
  58  5:59  SCV  
  60  6:06  Marauder  
  60  6:10  Barracks Reactor  
  62  6:14  Barracks  
  62  6:16  SCV, Marine x2  
  65  6:20  Starport  
  65  6:22  Supply Depot  
  65  6:24  Siege Tank, Supply Depot  
  68  6:28  SCV  
  69  6:33  Marauder, Marine x2  
  73  6:40  SCV  
  74  6:49  Refinery  
  74  6:51  Marine x2  
  74  6:52  SCV  
  77  6:58  Viking  
  79  7:01  Terran Infantry Armor Level 1  
  76  7:09  Marine x2  
  70  7:27  Marine  
  61  7:55  Marine x2  
  61  7:56  Marine x3  
  65  8:13  Marine  
  65  8:19  Marine  
  63  8:20  Marine x3  
  67  8:31  Marine  
  68  8:35  Medivac  
  68  8:39  Barracks Reactor  
  70  8:42  Supply Depot  
  70  8:48  Supply Depot  
  70  8:49  Orbital Command  
  70  9:04  Marine x3  
  70  9:05  Medivac  
  70  9:06  Supply Depot  
  66  9:23  Marine x3  
  66  9:24  Marine x3  
  70  9:29  Supply Depot  
  72  9:33  Siege Tank  
  77  9:41  Marine x4  
  77  9:42  Marine x2  
  77  9:45  Viking  
  83  9:59  Marine x5  
  86  10:04  Marine  
  86  10:05  Siege Tank  
  91  10:14  Viking  
  91  10:17  Marine x4  
  94  10:37  Siege Tank  
  95  10:44  Viking  
  90  11:11  Marine x6  
  90  11:14  Viking  
  96  11:28  Marine  
  96  11:29  Marine x5  
  91  11:44  Starport, Viking  
  91  11:46  Marine x2  
  91  11:47  Marine x4  
  96  12:04  Marine x3  
  84  12:23  Starport Reactor  
  84  12:24  Liberator  
  84  12:26  Marine x3  
  84  12:27  Marine x3  
  91  12:44  Marine  
  86  12:58  Marine x3  
  86  12:59  Marine x2  
  86  13:06  Marine  
  84  13:16  Marine x3  
  78  13:30  Marine x3  
  81  13:34  Marine x3  
  84  13:51  SCV  
  85  13:57  Refinery  
  85  14:00  Refinery  
  85  14:03  SCV  
  86  14:43  SCV  
  84  14:56  SCV  
  73  15:08  SCV  
  28  16:07  Marine x5  
  28  16:08  Marine  
  28  16:16  SCV  
  29  16:25  Marine x6  
  32  16:28  SCV  
  36  16:37  Command Center  
  36  16:39  Barracks  
  36  16:40  SCV  
  36  16:42  Marine  
  36  16:43  Marine x4  
  42  16:53  SCV  
  43  16:58  Marine  
  43  17:00  Marine x2  
  43  17:01  Marine x3  
  47  17:05  Supply Depot  
  47  17:08  Viking x3  
  51  17:09  Command Center  
  55  17:16  Marine  
  55  17:18  Marine  
  57  17:25  SCV  
  57  17:27  Supply Depot  
  58  17:37  SCV  
  58  17:38  Viking x2  
  58  17:43  Marine x2  
  58  17:44  Marine x4  
  66  17:49  SCV  
  66  17:50  Supply Depot  
  70  18:01  Marine x3  
  70  18:02  Marine x3  
  76  18:13  Supply Depot  
  76  18:18  Medivac  
  76  18:19  Marine x5, Medivac x2  
  85  18:20  Marine  
  88  18:34  Barracks Tech Lab  
  88  18:36  Barracks  
  88  18:37  Marine x6  
  94  18:48  Medivac  
  94  18:49  Medivac  
  94  18:54  Marine, Planetary Fortress  
  99  18:59  Missile Turret  
  99  19:02  SCV x2  
  101  19:03  Planetary Fortress  
  101  19:14  SCV x2  
  101  19:15  Medivac  
  105  19:17  Marine x4  
  105  19:18  Marine x2, Missile Turret  
  111  19:26  SCV x2  
  113  19:35  Marine x4  
  56  20:04  Command Center  
  45  20:30  SCV  
  45  20:32  SCV x2  
  48  20:39  Barracks Tech Lab  
  48  20:42  SCV  
  49  20:44  SCV x2  
  51  20:54  SCV  
  51  20:56  SCV  
  51  20:57  SCV  
  54  21:04  Refinery  
  54  21:06  SCV  
  54  21:08  Refinery  
  47  21:20  Marine  
  35  21:59  Marine x2  
  35  22:00  Marine x6  
  43  22:03  Stimpack  
  43  22:05  Medivac x2  
  43  22:06  Medivac  
  49  22:12  SCV  
  50  22:17  Marine x4  
  50  22:18  Marine x4  
  56  22:35  Marine x2, Medivac  
  59  22:44  Marauder  
Show
View Real Time Build Order
Export as new Build Order

Massa Terran 

Build Orders: Gas First Reaper Expand 

Get SALT Encoding   

  12  0:00  SCV  
  13  0:12  SCV  
  14  0:23  Supply Depot  
  14  0:24  SCV  
  15  0:32  Refinery  
  15  0:45  SCV  
  15  0:46  Barracks  
  16  0:57  SCV  
  17  1:09  SCV  
  18  1:21  SCV  
  19  1:35  Reaper  
  20  1:45  Orbital Command  
  20  1:51  Command Center  
  20  1:56  Supply Depot  
  20  2:11  SCV  
  20  2:12  Marine  
  22  2:21  Factory  
  22  2:23  SCV  
  23  2:30  Refinery  
  23  2:32  Barracks Reactor  
  23  2:35  SCV  
  24  2:47  SCV  
  25  2:56  Barracks  
  25  3:05  Orbital Command  
  25  3:08  SCV  
  25  3:10  Marine x2  
  25  3:12  Widow Mine  
  30  3:19  Starport  
  30  3:20  SCV  
  31  3:28  Marine x2  
  31  3:31  SCV  
  31  3:32  SCV  
  31  3:33  Widow Mine  
  37  3:42  Engineering Bay  
  37  3:43  SCV, Barracks Tech Lab  
  38  3:55  Factory Tech Lab  
  38  3:58  Marine x2  
  38  4:01  Medivac  
  42  4:07  Missile Turret  
  42  4:10  Missile Turret  
  42  4:16  Marine x2, Missile Turret  
  44  4:18  SCV, Missile Turret  
  44  4:19  SCV  
  46  4:30  Supply Depot  
  46  4:34  Missile Turret  
  46  4:44  Supply Depot  
  46  4:47  Supply Depot  
  46  4:51  SCV x2, Marine x2, Siege Tank  
  53  5:03  SCV  
  53  5:06  SCV  
  53  5:22  SCV x2  
  53  5:24  Liberator  
  53  5:27  Marine x2, Siege Tank  
  63  5:30  Marauder  
  63  5:32  Stimpack  
  63  5:34  SCV  
  66  5:40  Missile Turret  
  66  5:41  Refinery  
  66  5:45  Marine x2  
  68  5:51  Marauder  
  70  6:09  Supply Depot x2  
  70  6:13  Marauder, Marine x2, Siege Tank  
  70  6:14  Supply Depot  
  77  6:20  Command Center  
  77  6:30  Medivac  
  77  6:32  Marine x2  
  80  6:35  Marauder  
  80  6:37  Supply Depot  
  83  6:50  Marine x2  
  84  6:56  Marauder  
  83  7:01  Supply Depot  
  83  7:11  Combat Shield  
  83  7:18  Marauder  
  81  7:49  Viking  
  75  8:16  Marauder, Marine  
  75  8:17  Marine  
  75  8:19  Viking  
  81  8:21  SCV x2  
  83  8:29  Siege Tank  
  83  8:33  SCV x2, Barracks x3  
  82  8:34  Marine  
  82  8:35  Marine  
  82  8:37  Marauder  
  86  8:45  SCV  
  86  8:46  SCV  
  88  8:49  Viking  
  88  8:52  Marine x2  
  92  8:57  SCV  
  92  8:58  SCV, Marauder  
  92  9:01  Siege Tank  
  99  9:09  SCV  
  89  9:10  SCV, Marine x2  
  86  9:20  Marauder  
  85  9:25  Barracks Reactor x2, Barracks Tech Lab  
  85  9:27  Marine  
  85  9:28  Marine  
  87  9:41  Marauder  
  89  10:02  Marauder, Marine  
  89  10:03  Marauder, Marine x5  
  89  10:06  Orbital Command  
  99  10:20  Marine x5  
  99  10:21  Marine, Command Center  
  105  10:24  Marauder x2, Siege Tank  
  112  10:38  Marine x6  
  118  10:45  Marauder x2  
  118  10:46  Viking  
  124  10:55  Marine  
  124  10:56  Marine, Siege Tank  
  125  11:06  Marauder  
  125  11:07  Marauder  
  127  11:16  Viking  
  129  11:28  Marauder x2  
  131  11:37  Marine x3  
  131  11:38  Marine x3  
  137  11:46  Viking  
  139  11:49  Marauder  
  139  11:50  Marauder  
  135  11:55  Marine x2  
  137  12:02  Orbital Command  
  137  12:05  SCV x2  
  139  12:11  Marauder x2  
  139  12:13  Missile Turret  
  139  12:15  Refinery, Missile Turret  
  143  12:16  Marine, Viking  
  143  12:17  Refinery, SCV, Marine  
  148  12:26  Supply Depot  
  148  12:28  Supply Depot  
  148  12:32  Missile Turret  
  148  12:47  SCV x2, Marine x6  
  148  12:50  Marauder x2, Liberator  
  163  12:59  SCV x2  
  163  13:05  Marine x6  
  155  13:11  SCV x2, Marauder x2  
  127  13:19  Siege Tank  
  113  13:22  Marine x6  
  113  13:23  SCV  
  119  13:28  SCV  
  119  13:29  SCV x2  
  119  13:33  Marauder x2  
  126  13:35  Command Center  
  126  13:36  SCV  
  126  13:40  SCV, Marine x5  
  126  13:41  SCV x2  
  135  13:44  Factory  
  135  13:48  SCV  
  136  13:51  Siege Tank  
  136  13:53  SCV x3  
  136  13:54  Marauder x2  
  146  14:00  SCV  
  147  14:05  SCV x3  
  150  14:12  SCV  
  150  14:14  Engineering Bay  
  150  14:16  Marauder x2  
  156  14:17  SCV, Armory  
  156  14:19  Armory  
  156  14:22  Supply Depot x3  
  156  14:23  Siege Tank, Viking, Supply Depot x2  
  161  14:24  Supply Depot x2  
  161  14:28  Factory Tech Lab  
  161  14:31  Concussive Shells  
  161  14:37  Marauder  
  135  14:53  Viking  
  135  14:55  Siege Tank  
  111  15:09  Marauder x2, Marine  
  111  15:10  Marine x5  
  81  15:23  Orbital Command, Viking  
  81  15:28  Marine x4  
  89  15:30  Marauder  
  91  15:45  Marine x2  
  91  15:50  Siege Tank  
  91  15:51  Marauder  
  91  15:53  Viking  
  90  16:06  Marine x2  
  85  16:13  Marauder  
  67  16:22  Siege Tank  
  67  16:23  Barracks, Marine  
  67  16:24  Marine  
  72  16:26  Barracks  
  72  16:27  Barracks  
  71  16:34  Marauder  
  73  16:40  Factory  
  73  16:41  Marine  
  73  16:42  Marine  
  75  16:54  Siege Tank  
  75  16:56  Marauder  
  75  16:59  Marine  
  75  17:00  Marine  
  82  17:17  Barracks Tech Lab, Marauder, Marine x2  
  82  17:18  Barracks Reactor  
  82  17:20  Marine  
  87  17:24  Refinery  
  87  17:26  Command Center  
  87  17:35  Marine x2  
  89  17:38  Marine x2  
  91  17:53  Marine x2  
  91  17:56  Marine x2  
  95  17:59  Factory Tech Lab  
  95  18:03  Siege Tank  
  98  18:07  Marine x3  
  98  18:10  Marine  
  98  18:11  Marine  
  81  18:13  Marine  
  81  18:14  Marine  
  79  18:24  Command Center  
  79  18:26  Siege Tank  
  82  18:31  Marine x2  
  76  18:43  Medivac  
  78  19:05  Marine x6  
  78  19:06  Marine  
  78  19:09  Siege Tank  
  88  19:22  Marine  
  43  20:33  SCV x2  
  43  20:35  Marauder x2, Marine x4  
  51  20:36  Marine  
  54  20:45  SCV  
  55  20:52  Marine  
  55  20:56  Marauder  
  60  20:57  Marauder  
  60  21:18  Marauder  
  59  21:23  Siege Tank  
  34  21:47  Marine  
  35  22:17  Orbital Command  
  32  22:48  SCV  
  22  23:32  Siege Tank x2  
  20  23:34  Marauder, Marine x3  
  20  23:35  Marauder, Marine  
  20  23:36  SCV  
  20  23:37  SCV  
  30  23:49  SCV  
  32  23:56  Marauder x2  
Show
View Real Time Build Order
Export as new Build Order

qqq Zerg 

Build Orders: Hatch First, Muta Ling Bane, Zergling Baneling 

Get SALT Encoding   

  12  0:01  Drone  
  13  0:12  Drone  
  14  0:36  Hatchery  
  13  0:47  Drone  
  14  0:58  Spawning Pool  
  13  1:07  Overlord  
  13  1:09  Drone  
  14  1:11  Extractor  
  14  1:18  Drone  
  14  1:27  Drone  
  15  1:45  Drone x2  
  17  1:49  Queen  
  17  1:52  Drone  
  20  2:01  Queen  
  20  2:04  Drone  
  23  2:13  Drone x2  
  25  2:18  Overlord  
  25  2:22  Drone  
  26  2:25  Drone  
  27  2:31  Drone  
  28  2:40  Drone  
  28  2:41  Zergling x2, Baneling Nest  
  29  2:44  Drone  
  29  2:50  Zergling x2  
  31  2:53  Drone  
  31  2:55  Metabolic Boost  
  31  2:58  Zergling x2  
  33  3:01  Zergling x2  
  34  3:05  Overlord  
  34  3:08  Drone  
  35  3:13  Zergling x2  
  35  3:15  Overlord  
  36  3:24  Drone  
  36  3:25  Drone x3  
  41  3:27  Zergling x2  
  41  3:34  Zergling x6  
  42  3:35  Zergling x2  
  42  3:38  Baneling x2  
  42  3:39  Baneling  
  42  3:40  Baneling  
  45  3:45  Baneling x2  
  44  3:49  Zergling x2  
  44  3:50  Drone  
  44  3:51  Drone  
  44  3:55  Drone  
  48  3:56  Overlord  
  48  4:01  Baneling x2  
  48  4:03  Drone  
  48  4:04  Drone x2  
  48  4:05  Overlord  
  48  4:08  Overlord  
  51  4:14  Zergling x2  
  51  4:15  Zergling x2  
  53  4:18  Drone  
  53  4:22  Spore Crawler  
  53  4:23  Drone  
  54  4:27  Drone, Spore Crawler  
  54  4:28  Drone x2, Extractor  
  55  4:33  Baneling x3  
  55  4:36  Zergling x2  
  56  4:39  Drone  
  57  4:48  Drone x2  
  57  4:49  Drone  
  57  4:51  Extractor  
  59  4:59  Hatchery, Extractor  
  57  5:01  Zergling x2  
  57  5:03  Lair  
  58  5:08  Drone  
  58  5:11  Zergling x10  
  64  5:19  Drone  
  65  5:22  Baneling x4  
  65  5:25  Baneling x2  
  65  5:26  Baneling  
  65  5:28  Zergling x4  
  65  5:29  Zergling x4  
  65  5:33  Evolution Chamber  
  69  5:35  Drone  
  69  5:38  Drone  
  70  5:52  Baneling x3  
  70  5:53  Baneling x3  
  70  5:54  Baneling  
  70  6:00  Centrifical Hooks  
  70  6:02  Overlord x2  
  70  6:03  Zergling x10  
  75  6:05  Overlord  
  75  6:10  Zerg Ground Armor Level 1  
  75  6:12  Zergling x4  
  75  6:13  Drone  
  78  6:24  Baneling  
  78  6:25  Baneling x5  
  78  6:26  Baneling  
  78  6:28  Zergling x2  
  78  6:29  Zergling x6  
  78  6:30  Drone  
  83  6:35  Zergling x4  
  83  6:36  Drone  
  86  6:43  Zergling x4  
  86  6:45  Drone  
  89  6:48  Baneling x2  
  89  6:49  Baneling x6  
  89  7:05  Zergling x10  
  89  7:06  Drone x2  
  96  7:10  Overseer  
  62  7:37  Zergling x12  
  62  7:38  Drone x3  
  62  7:40  Baneling x2  
  62  7:41  Baneling x5  
  62  7:42  Baneling x9  
  62  7:43  Baneling x2  
  71  7:58  Baneling  
  71  7:59  Baneling x7  
  71  8:00  Baneling x4  
  71  8:04  Hatchery  
  66  8:16  Zergling x6  
  66  8:17  Zergling x6  
  66  8:19  Drone x2  
  75  8:20  Drone, Hatchery  
  75  8:23  Zergling x4  
  75  8:24  Zergling x2  
  77  8:39  Zerg Ground Armor Level 2  
  77  8:40  Spire  
  77  8:41  Zergling x8  
  80  8:42  Drone x2  
  80  8:44  Hatchery, Baneling x3  
  80  8:54  Drone  
  78  8:56  Extractor  
  78  8:58  Extractor, Spore Crawler  
  78  9:00  Zergling x8  
  78  9:01  Zergling x4, Overlord x2  
  81  9:04  Baneling x5  
  81  9:05  Baneling x4  
  81  9:15  Queen  
  84  9:17  Zergling x8  
  87  9:28  Drone x4  
  87  9:30  Zergling x2  
  92  9:32  Zergling x2  
  92  9:35  Baneling x3  
  92  9:36  Baneling x3  
  92  9:37  Baneling  
  93  9:40  Drone x2  
  93  9:41  Drone  
  93  9:42  Drone  
  97  9:48  Pneumatized Carapace  
  97  9:54  Mutalisk x2  
  97  9:55  Drone  
  97  9:56  Drone x3  
  97  9:57  Zergling x2  
  106  10:01  Baneling x5  
  106  10:02  Baneling  
  106  10:07  Drone x3  
  106  10:08  Drone x2  
  106  10:11  Hatchery  
  106  10:24  Drone x3  
  106  10:25  Drone x3  
  106  10:26  Mutalisk x2, Zergling x8  
  120  10:35  Drone x4  
  124  10:37  Zergling x16  
  124  10:38  Drone, Zergling x2  
  124  10:41  Baneling x5  
  124  10:42  Baneling x4  
  134  10:45  Overlord x2  
  134  10:46  Overlord  
  118  11:16  Zergling x4  
  118  11:17  Zergling x14  
  118  11:18  Drone x3, Zergling x2  
  125  11:19  Zergling x16  
  125  11:21  Baneling x2  
  125  11:22  Baneling x8  
  125  11:23  Baneling  
  135  11:32  Zergling x6  
  138  11:33  Drone x2, Zergling x4  
  138  11:34  Drone x3  
  145  11:45  Zerg Melee Weapons Level 1  
  135  12:33  Mutalisk x2, Corruptor  
  135  12:34  Corruptor x3  
  135  12:37  Drone, Overlord x3  
  146  12:38  Overlord x6  
  133  12:48  Zergling x12  
  137  12:54  Baneling x4  
  137  12:55  Baneling x8  
  137  12:56  Baneling x8  
  137  12:57  Baneling x8  
  137  12:58  Baneling  
  137  12:59  Drone x8  
  137  13:00  Drone x3  
  132  13:21  Zergling x4  
  132  13:22  Mutalisk x3, Zergling x10  
  132  13:23  Mutalisk  
  132  13:25  Drone x7  
  132  13:26  Drone x2  
  151  13:27  Extractor  
  151  13:29  Extractor  
  151  13:33  Infestation Pit  
  148  13:37  Extractor  
  148  13:38  Extractor  
  138  13:54  Mutalisk x4  
  141  14:00  Drone x2  
  141  14:01  Drone x2  
  140  14:13  Mutalisk x3  
  140  14:16  Zergling x8  
  139  14:23  Zergling x4  
  139  14:31  Mutalisk x2  
  139  14:32  Mutalisk x2  
  145  14:47  Corruptor x3  
  145  14:51  Corruptor  
  149  14:53  Drone x4  
  153  15:02  Hive  
  145  15:09  Zergling x12  
  145  15:10  Zergling x12  
  129  15:28  Drone x6  
  129  15:29  Hatchery  
  129  15:31  Hatchery, Extractor  
  129  15:32  Extractor  
  129  15:33  Extractor  
  129  15:34  Extractor  
  125  15:45  Zergling x8  
  125  15:49  Zerg Melee Weapons Level 2  
  126  15:50  Roach Warren  
  126  15:54  Zergling x2  
  126  15:55  Zergling x10  
  113  16:01  Mutalisk x3  
  107  16:07  Mutalisk x3  
  112  16:14  Drone x3  
  112  16:15  Drone x3, Mutalisk  
  112  16:16  Mutalisk x2  
  124  16:30  Drone x2  
  126  16:37  Mutalisk x2  
  126  16:38  Mutalisk x3, Ultralisk Cavern  
  135  16:44  Drone  
  135  16:45  Drone  
  122  17:09  Viper x2  
  122  17:13  Drone x2  
  122  17:14  Drone x4  
  134  17:26  Zergling x10  
  139  17:30  Hatchery  
  135  17:40  Hatchery x2, Zergling x14  
  135  17:41  Zergling x6, Ultralisk  
  135  17:42  Ultralisk x5  
  165  17:47  Drone  
  165  17:48  Drone  
  165  17:49  Zergling x8  
  161  17:51  Anabolic Synthesis  
  161  17:55  Evolution Chamber  
  155  18:03  Ultralisk  
  155  18:04  Zergling x14  
  155  18:05  Zerg Missile Weapons Level 1, Zergling x10  
  172  18:06  Zergling x2  
  162  18:23  Ultralisk x2  
  156  18:39  Ultralisk  
  156  18:40  Zergling x10  
  156  18:41  Zergling x4  
  154  18:51  Ultralisk  
  143  19:14  Drone x3  
  143  19:16  Ultralisk  
  151  19:17  Zergling x8  
  128  19:55  Zergling x2, Ultralisk  
  128  19:56  Zergling x16  
  128  19:57  Zergling x14  
  128  19:58  Drone, Zergling x6  
  128  19:59  Drone x2  
  116  20:25  Ultralisk  
  116  20:26  Zergling x6  
  116  20:27  Zergling x14  
  116  20:28  Drone x2  
  77  21:05  Baneling  
  77  21:06  Baneling x7  
  77  21:07  Baneling x3  
  77  21:10  Baneling  
  65  21:35  Hatchery  
  59  21:42  Zergling x6  
  59  21:43  Zergling x14  
  59  21:44  Zergling x10  
  70  22:01  Zergling x10  
  61  22:33  Ultralisk  
  61  22:34  Zergling x4  
  61  22:35  Zergling x14  
  61  22:36  Zergling x4  
  69  22:52  Drone  
  70  23:00  Hydralisk Den  
  70  23:01  Drone  
  56  23:33  Zergling x4, Ultralisk  
  56  23:34  Zergling x10  
  60  23:35  Zergling x14  
  60  23:36  Drone x3  
  66  23:49  Drone  
  67  23:58  Extractor  
  68  24:09  Hatchery  
  67  24:21  Hatchery  
Tags
 
Add a new tag
Caveats
  • Supply blocks, unpowered buildings, or Contaminate may cause inaccurate times.
  • Supply counts are checked every 10 seconds.